[Event "Titled Tuesday Blitz March 21 Early 2023"]
[White "Belov, Alexei"]
[Black "Bhavikatti, Neil"]
[WhiteFideId "4128206"]
[BlackFideId "30935024"]
[WhiteElo "2475"]
[BlackElo "2349"]
[Result "1-0"]
[Round "10"]
[TimeControl "180+2"]
[Date "2023.03.21"]
[WhiteClock "0:01:12"]
[BlackClock "0:00:30"]

1. e4 e5 2. Nf3 Nc6 3. Bb5 a6 4. Ba4 Nf6 5. d4 exd4 6. O-O Be7 7. e5 Nd5 8. Nxd4 Nb6 9. Nf5 O-O 10. Qg4 g6 11. Bxc6 dxc6 12. Nxe7+ Qxe7 13. Qg3 Nc4 14. Re1 f6 15. Bh6 Re8 16. f4 fxe5 17. fxe5 Qc5+ 18. Kh1 Rxe5 19. Nc3 Bf5 20. b3 Rxe1+ 21. Rxe1 Nd6 22. Re7 Re8 23. Rxc7 Nb5 24. Nxb5 Qxb5 25. h3 Qf1+ 26. Kh2 Re2 27. Rg7+ Kh8 28. Qb8+ 1-0


[Site "https://www.chess.com"]

[Event "Titled Tuesday Blitz March 21 Early 2023"]
[White "Zanette, Edgard Vinicius"]
[Black "Manukian, Artak"]
[WhiteFideId "2109263"]
[BlackFideId "13301373"]
[WhiteElo "2211"]
[BlackElo "2130"]
[Result "1/2-1/2"]
[Round "10"]
[TimeControl "180+2"]
[Date "2023.03.21"]
[WhiteClock "0:00:24"]
[BlackClock "0:01:04"]

1. e4 c6 2. d4 d5 3. e5 Bf5 4. h4 h5 5. c4 e6 6. Nc3 Nd7 7. Bg5 Be7 8. Bxe7 Nxe7 9. Bd3 dxc4 10. Bxc4 Nb6 11. Bb3 Nbd5 12. Nge2 Bg4 13. Qd2 Nxc3 14. bxc3 a5 15. Ng3 a4 16. Bc4 Bf5 17. Bd3 Bxd3 18. Qxd3 Qd5 19. O-O b5 20. Rfc1 Rd8 21. Qe3 Nf5 22. Nxf5 exf5 23. Qg5 Qe6 24. a3 g6 25. Rab1 O-O 26. Rb4 Rfe8 27. f3 Qe7 28. Qxe7 Rxe7 29. Kf2 f4 30. Re1 f5 31. exf6 Rxe1 32. Kxe1 Kf7 33. Rb2 Re8+ 34. Re2 Rxe2+ 35. Kxe2 Kxf6 36. Kd3 Kf5 37. d5 c5 38. c4 b4 39. axb4 cxb4 40. c5 Ke5 41. d6 Ke6 42. Kc4 a3 43. Kb3 Kd7 44. Ka2 Kc6 45. Kb3 Kd7 46. Ka2 Kc6 47. Kb3 Kd7 1/2-1/2


[Site "https://www.chess.com"]

[Event "Titled Tuesday Blitz March 21 Early 2023"]
[White "Yosha_Iglesias"]
[Black "Korpics, Zsolt"]
[BlackFideId "705241"]
[WhiteElo "2460"]
[BlackElo "2317"]
[Result "1-0"]
[Round "10"]
[TimeControl "180+2"]
[Date "2023.03.21"]
[WhiteClock "0:01:21"]
[BlackClock "0:00:01"]

1. d4 Nf6 2. Nf3 e6 3. e3 c5 4. Bd3 b6 5. O-O Bb7 6. c4 cxd4 7. exd4 d6 8. Nc3 Be7 9. d5 e5 10. Nh4 O-O 11. Nf5 Nbd7 12. Qf3 Nc5 13. Bb1 Re8 14. Bg5 Ncd7 15. Qh3 Nf8 16. f4 exf4 17. Rxf4 Ng6 18. Rf1 Rc8 19. Bd3 Ba6 20. Nxe7+ Qxe7 21. Ne4 Bxc4 22. Bxf6 Qc7 23. Ng5 h6 24. Bxg7 hxg5 25. Bxg6 Qc5+ 26. Kh1 Kxg7 27. Qh7+ Kf8 28. Rxf7# 1-0


[Site "https://www.chess.com"]

[Event "Titled Tuesday Blitz March 21 Early 2023"]
[White "Simonovic, Miroslav"]
[Black "Mazurkiewicz, Michal"]
[WhiteFideId "919152"]
[BlackFideId "1124943"]
[WhiteElo "2042"]
[BlackElo "2054"]
[Result "1/2-1/2"]
[Round "10"]
[TimeControl "180+2"]
[Date "2023.03.21"]
[WhiteClock "0:00:13"]
[BlackClock "0:00:32"]

1. d4 Nf6 2. Bg5 e6 3. e4 h6 4. Bxf6 Qxf6 5. Qd3 d6 6. Nd2 e5 7. c3 g6 8. g3 Bg7 9. Bg2 exd4 10. cxd4 Qxd4 11. Qxd4 Bxd4 12. Rb1 Nc6 13. Ne2 Bg7 14. O-O Be6 15. b3 O-O 16. f4 Bg4 17. Bf3 Bxf3 18. Rxf3 a5 19. f5 Nd4 20. Nxd4 Bxd4+ 21. Kg2 Rfe8 22. Rd3 Bc5 23. Kf3 gxf5 24. exf5 Re5 25. Kg4 Rae8 26. Nf3 Re4+ 27. Kh5 Kh7 28. g4 Re3 29. Rbd1 Rxd3 30. Rxd3 Re2 31. a4 Re3 32. Rxe3 Bxe3 33. h4 d5 34. g5 hxg5 35. hxg5 d4 36. Ne5 Bf4 37. Nd3 Bd6 38. g6+ fxg6+ 39. fxg6+ Kg7 40. Kg5 c6 41. Kf5 b5 42. axb5 cxb5 43. Ke4 Kxg6 44. Kxd4 Kf5 45. Kd5 Bf8 46. Kc6 a4 47. bxa4 bxa4 48. Kb5 a3 49. Nc1 Ke4 50. Kc4 Ke3 51. Kb3 Kd2 52. Na2 Be7 53. Nc3 Kc1 54. Nb5 Kb1 55. Nxa3+ 1/2-1/2


[Site "https://www.chess.com"]

[Event "Titled Tuesday Blitz March 21 Early 2023"]
[White "lolliNOPE"]
[Black "Baches Garcia, Guillermo"]
[BlackFideId "2209764"]
[WhiteElo "2058"]
[BlackElo "2436"]
[Result "0-1"]
[Round "10"]
[TimeControl "180+2"]
[Date "2023.03.21"]
[WhiteClock "0:02:10"]
[BlackClock "0:01:12"]

1. e4 d5 2. exd5 Qxd5 3. Nc3 Qa5 4. d4 c6 5. Nf3 Nf6 6. Bd3 Bf5 7. O-O e6 8. Re1 Nbd7 9. Ne5 Bxd3 10. Qxd3 Bb4 11. Bd2 O-O 12. a3 Bxc3 13. Bxc3 Qc7 14. Nxd7 Qxd7 15. b3 Rfd8 16. Rad1 Rac8 17. Bb2 b5 18. c4 a5 19. Qg3 Qc7 20. Qg5 h6 21. Qh4 bxc4 22. bxc4 Rb8 23. Ba1 Ne8 24. d5 cxd5 25. cxd5 Rxd5 26. Rxd5 exd5 27. Be5 Qxe5 0-1


[Site "https://www.chess.com"]

[Event "Titled Tuesday Blitz March 21 Early 2023"]
[White "Kostiukov, Alexandr"]
[Black "Quinones Garcia, Santiago"]
[WhiteFideId "14108100"]
[BlackFideId "4408497"]
[WhiteElo "2202"]
[BlackElo "2263"]
[Result "1-0"]
[Round "10"]
[TimeControl "180+2"]
[Date "2023.03.21"]
[WhiteClock "0:01:21"]
[BlackClock "0:00:41"]

1. g3 d5 2. Bg2 c6 3. d3 Nf6 4. e4 dxe4 5. dxe4 Qxd1+ 6. Kxd1 e5 7. f3 Bc5 8. Nd2 O-O 9. a4 Be6 10. Bh3 Bxh3 11. Nxh3 Nbd7 12. c3 Rad8 13. Ke2 Ne8 14. b4 Bb6 15. Nc4 Nc7 16. a5 Ne6 17. axb6 axb6 18. Be3 b5 19. Na5 Rb8 20. Ba7 Ra8 21. Nxb7 f5 22. exf5 Rxf5 23. Be3 Raf8 24. Rhd1 Nf6 25. g4 Rf4 26. Nxf4 exf4 27. Bc5 Re8 28. Kf2 Nc7 29. Nd6 Rb8 30. Ra7 Ncd5 31. Bd4 Rd8 32. Ne4 Nxe4+ 33. fxe4 Nxc3 34. Rxg7+ Kf8 35. Bc5+ Kxg7 36. Rxd8 1-0


[Site "https://www.chess.com"]

[Event "Titled Tuesday Blitz March 21 Early 2023"]
[White "Aarav Dengla"]
[Black "TigranHH"]
[WhiteFideId "45059756"]
[WhiteElo "2285"]
[BlackElo "2292"]
[Result "1-0"]
[Round "10"]
[TimeControl "180+2"]
[Date "2023.03.21"]
[WhiteClock "0:00:12"]
[BlackClock "0:00:08"]

1. e4 c6 2. d3 d5 3. Nd2 g6 4. g3 Bg7 5. Bg2 Nh6 6. Ngf3 O-O 7. O-O f6 8. Re1 Nf7 9. c3 e5 10. Qc2 Nd7 11. Nf1 Nc5 12. exd5 cxd5 13. d4 Ne6 14. dxe5 fxe5 15. Ne3 e4 16. Nh4 Ne5 17. Rd1 Nd3 18. f4 Kh8 19. f5 g5 20. fxe6 gxh4 21. Rxd3 exd3 22. Qxd3 Bxe6 23. Bd2 d4 24. cxd4 Qxd4 25. Qxd4 Bxd4 26. gxh4 Rae8 27. Bc3 Bxc3 28. bxc3 Rf4 29. Bxb7 Bh3 30. Ng2 Rg8 31. Re1 Ra4 32. Bd5 Rd8 33. Ne3 Rxh4 34. Kf2 Ra4 35. Kg3 Bc8 36. Re2 Ra3 37. Rc2 Re8 38. Kf4 Be6 39. c4 Rxe3 40. Kxe3 Bf5+ 41. Kd2 Bxc2 42. Kxc2 Re2+ 43. Kb3 Rxh2 44. c5 Rd2 45. Be4 Kg7 46. c6 Rd8 47. Bf5 Kf6 48. c7 Re8 49. c8=Q Rxc8 50. Bxc8 Kg5 51. Kc4 Kf4 52. Kb5 h5 53. Ka6 h4 54. Kxa7 1-0


[Site "https://www.chess.com"]

[Event "Titled Tuesday Blitz March 21 Early 2023"]
[White "Kopczynski, Michal"]
[Black "sebastianmarinp"]
[WhiteFideId "1124200"]
[WhiteElo "2212"]
[BlackElo "2286"]
[Result "0-1"]
[Round "10"]
[TimeControl "180+2"]
[Date "2023.03.21"]
[WhiteClock "0:00:24"]
[BlackClock "0:00:12"]

1. e4 e5 2. Nf3 Nc6 3. Bb5 a6 4. Ba4 Nf6 5. O-O b5 6. Bb3 Bb7 7. a4 Be7 8. axb5 axb5 9. Rxa8 Bxa8 10. d3 O-O 11. Nc3 Na5 12. Ba2 b4 13. Ne2 b3 14. cxb3 d5 15. Nxe5 dxe4 16. dxe4 Nxe4 17. Qxd8 Rxd8 18. Nc3 Bb4 19. Bf4 Nc5 20. Nc4 Ne6 21. Bg3 Nc6 22. Bb1 Ncd4 23. Rd1 Bxc3 24. Kf1 Bb4 25. Be5 c5 26. f3 f6 27. Bg3 Nxb3 28. Rxd8+ Nxd8 29. Nb6 Bc6 30. Ba2 Bb5+ 31. Kf2 c4 32. Nd5 Bc5+ 33. Ke1 Ne6 34. Nc3 Bc6 35. Nd1 Bd4 36. Bf2 Bxf2+ 37. Kxf2 Nec5 38. Ne3 Bb5 39. Kg3 Kf8 40. Kg4 Nd3 41. Nd1 Nbc1 42. Nc3 Nxa2 43. Nxb5 Nxb2 44. Kf4 c3 45. Na3 Nb4 46. Ke3 c2 47. Nxc2 Nxc2+ 48. Kd2 Nb4 49. Kc3 N2d3 50. Kd4 Kf7 51. Ke4 Ke6 52. Kd4 Ne5 53. Ke4 Nd5 54. f4 Nc6 55. g4 Nce7 56. f5+ Kd6 57. h4 Nc7 58. g5 Ncd5 59. gxf6 Nxf6+ 60. Kf4 Kd5 61. Kg5 Ke4 62. h5 Nxf5 63. h6 gxh6+ 64. Kxf6 Kf4 65. Ke6 h5 66. Kd5 h4 67. Kc4 h3 68. Kd3 h2 69. Kc4 h1=Q 70. Kc5 Qd1 71. Kc6 Ke5 72. Kc5 Qc1+ 0-1


[Site "https://www.chess.com"]

[Event "Titled Tuesday Blitz March 21 Early 2023"]
[White "Zaichenko, Daria"]
[Black "Vedder, Richard"]
[WhiteFideId "4197453"]
[BlackFideId "1004166"]
[WhiteElo "2039"]
[BlackElo "2168"]
[Result "0-1"]
[Round "10"]
[TimeControl "180+2"]
[Date "2023.03.21"]
[WhiteClock "0:00:03"]
[BlackClock "0:00:13"]

1. e4 e5 2. Nf3 Nc6 3. Bc4 Nf6 4. d3 h6 5. c3 d6 6. Kf1 g6 7. h3 Bg7 8. g3 O-O 9. Kg2 d5 10. exd5 Nxd5 11. Bb3 Be6 12. c4 Ndb4 13. Be3 Nxd3 14. a3 e4 15. Nfd2 f5 16. Nc3 Nxb2 17. Qc2 Nd3 18. Nd5 Bxa1 19. Rxa1 Nce5 20. Bxh6 Rf7 21. h4 c6 22. Bg5 Qd7 23. Nf6+ Rxf6 24. Bxf6 Kf7 25. Bg5 Re8 26. Rh1 Nc5 27. Qc3 Ncd3 28. h5 Rg8 29. Bd1 Kf8 30. hxg6 Rxg6 31. Rh8+ Rg8 32. Bh6+ Ke8 33. Rxg8+ Bxg8 34. Bh5+ Kd8 35. Bg5+ Kc8 36. Qa5 b6 37. Qa6+ Kb8 38. Be3 Be6 39. Qa4 Nb2 40. Qb3 Nbxc4 41. Nxc4 Nxc4 42. Bf4+ Kb7 43. Qc3 Qd3 44. Qg7+ Ka6 45. Qc7 Bd5 46. Qc8+ Kb5 47. Be8 e3+ 48. Kh3 exf2 49. Qd8 f1=Q+ 50. Kh4 Qh1+ 51. Kg5 Qdd1 52. Kf6 Qh8+ 53. Ke7 Qg7+ 0-1


[Site "https://www.chess.com"]

[Event "Titled Tuesday Blitz March 21 Early 2023"]
[White "Biriukov, Ilja"]
[Black "Kovalevsky, Stanislav"]
[WhiteFideId "4113373"]
[BlackFideId "13508598"]
[WhiteElo "2426"]
[BlackElo "2174"]
[Result "1-0"]
[Round "10"]
[TimeControl "180+2"]
[Date "2023.03.21"]
[WhiteClock "0:00:10"]
[BlackClock "0:00:12"]

1. c4 e6 2. Nc3 d5 3. cxd5 exd5 4. d4 Nf6 5. Bg5 Be7 6. e3 O-O 7. Qc2 c6 8. Bd3 h6 9. Bh4 Re8 10. Nge2 Nbd7 11. O-O Nf8 12. Rae1 Ne4 13. Bxe7 Qxe7 14. f3 Nd6 15. e4 dxe4 16. fxe4 Bg4 17. e5 Nc8 18. Rf4 Bh5 19. Ref1 c5 20. Ng3 cxd4 21. Nce4 Bg6 22. Bc4 Qxe5 23. Bxf7+ Bxf7 24. Rxf7 Nd6 25. Nxd6 Qxd6 26. Nf5 Qb6 27. Rxg7+ Kh8 28. Qd2 Re5 29. Rf7 d3+ 30. Kh1 Qg6 31. Ne7 Qg5 32. Rxf8+ Rxf8 33. Rxf8+ Kg7 34. Rg8+ Kf7 35. Rxg5 hxg5 36. Nc8 Re2 37. Qd1 Kg6 38. h3 Kh5 39. Nd6 Kh4 40. Nb5 g4 41. Qxd3 Re1+ 42. Kh2 Re3 43. Qxe3 1-0


[Site "https://www.chess.com"]

[Event "Titled Tuesday Blitz March 21 Early 2023"]
[White "Hoffmann, Asa"]
[Black "victormago"]
[WhiteFideId "2001470"]
[WhiteElo "2117"]
[BlackElo "2263"]
[Result "0-1"]
[Round "10"]
[TimeControl "180+2"]
[Date "2023.03.21"]
[WhiteClock "0:01:31"]
[BlackClock "0:00:36"]

1. d4 Nf6 2. Bg5 d5 3. Nd2 Nbd7 4. e3 h6 5. Bh4 c6 6. f4 Qb6 7. b3 e6 8. Bd3 Bb4 9. Ne2 Ng4 10. Bf2 Qa5 11. Bg1 Ngf6 12. a3 Bd6 13. b4 Qc7 14. Bf2 g5 15. g3 Ng4 16. Bg1 f5 17. Nf3 Rg8 18. h3 Ngf6 19. Ne5 Ne4 20. Bxe4 dxe4 21. Bf2 Nf6 22. c4 Bd7 23. Nc3 Bxe5 24. dxe5 Nh7 25. Qd6 Qxd6 26. exd6 Nf6 27. O-O-O a5 28. b5 cxb5 29. Nxb5 Bxb5 30. cxb5 Nd5 31. Kb2 Kd7 32. fxg5 hxg5 33. h4 gxh4 34. gxh4 Kxd6 35. h5 Rg2 36. Rd2 Rh8 37. h6 Rg6 38. Bg3+ Rxg3 39. h7 Rg7 40. Rdh2 Nf6 41. Rh6 Ke5 42. Kb3 Rhxh7 43. b6 Rxh6 44. Rxh6 Nd5 45. Kc4 Nxb6+ 46. Kb5 Nd5 47. Kxa5 Nxe3 48. Kb6 Nd5+ 49. Kc5 e3 50. Rh1 f4 0-1


[Site "https://www.chess.com"]

[Event "Titled Tuesday Blitz March 21 Early 2023"]
[White "Clawitter, Craig"]
[Black "Jimenez Jimenez, Leandro"]
[WhiteFideId "2023105"]
[BlackFideId "6415253"]
[WhiteElo "2242"]
[BlackElo "2263"]
[Result "0-1"]
[Round "10"]
[TimeControl "180+2"]
[Date "2023.03.21"]
[WhiteClock "0:01:35"]
[BlackClock "0:01:50"]

1. e4 e5 2. Nc3 Nf6 3. g3 Bc5 4. Bg2 c6 5. Nge2 d5 6. exd5 cxd5 7. d4 exd4 8. Nxd4 Nc6 9. Nb3 Bxf2+ 10. Kxf2 Ng4+ 11. Kf1 Qb6 12. Qe2+ Be6 13. Nxd5 Qd8 14. Nf4 O-O 15. h3 Bc4 16. Qxc4 Qd1# 0-1


[Site "https://www.chess.com"]

[Event "Titled Tuesday Blitz March 21 Early 2023"]
[White "Gatterer, Florian"]
[Black "monkins"]
[WhiteFideId "811688"]
[WhiteElo "2221"]
[BlackElo "2238"]
[Result "1/2-1/2"]
[Round "10"]
[TimeControl "180+2"]
[Date "2023.03.21"]
[WhiteClock "0:00:12"]
[BlackClock "0:00:04"]

1. e4 c5 2. Nf3 g6 3. c4 Bg7 4. d4 cxd4 5. Nxd4 Nc6 6. Be3 Nf6 7. Nc3 O-O 8. f3 Qb6 9. Nc2 Qxb2 10. Nb5 Nb4 11. Nxb4 Qxb4+ 12. Bd2 Qc5 13. Qc1 d6 14. Be3 Qc6 15. Nxa7 Rxa7 16. Bxa7 Nxe4 17. fxe4 Qxe4+ 18. Be2 Bxa1 19. Qxa1 Bg4 20. Qb2 Ra8 21. Bf2 Bxe2 22. Qxe2 Qb1+ 23. Qd1 Qxa2 24. O-O Qxc4 25. Qb1 b5 26. Rc1 Qd5 27. Qb2 Re8 28. h3 e5 29. Qc2 Kg7 30. Rd1 Qe6 31. Qb2 d5 32. Qxb5 d4 33. Qc5 h5 34. Re1 Qf6 35. Qc2 h4 36. Qe4 Re6 37. Bxh4 Qf5 38. Qxf5 gxf5 39. Bf2 Kg6 40. Rd1 Rd6 41. Kf1 f4 42. Ke2 Kf5 43. Kf1 Ra6 44. Re1 Ra2 45. Rd1 f6 46. Bxd4 exd4 47. Rxd4 Ra1+ 48. Kf2 Ra2+ 49. Kg1 Ra1+ 50. Kf2 Ra2+ 51. Kg1 Ra1+ 52. Kf2 1/2-1/2


[Site "https://www.chess.com"]

[Event "Titled Tuesday Blitz March 21 Early 2023"]
[White "Ardila, Oscar Humberto"]
[Black "Szyszylo, Rafal"]
[WhiteFideId "4404742"]
[BlackFideId "1109626"]
[WhiteElo "1911"]
[BlackElo "1951"]
[Result "0-1"]
[Round "10"]
[TimeControl "180+2"]
[Date "2023.03.21"]
[WhiteClock "0:00:03"]
[BlackClock "0:00:25"]

1. d4 g6 2. Nf3 Nf6 3. c4 d6 4. Nc3 Bg7 5. e3 O-O 6. Be2 Nbd7 7. O-O e5 8. dxe5 dxe5 9. Qc2 c6 10. Rd1 Qe7 11. b3 Nc5 12. e4 Bg4 13. Be3 Bxf3 14. Bxf3 Rfd8 15. h3 h6 16. Rxd8+ Rxd8 17. Rd1 Rd7 18. Rxd7 Nfxd7 19. Qd2 Kh7 20. Ne2 a6 21. b4 Ne6 22. a3 h5 23. g3 Bf6 24. h4 Bg7 25. Bg2 Nf6 26. f3 Ng8 27. c5 Bh6 28. Bxh6 Nxh6 29. Qd6 Qxd6 30. cxd6 Kg7 31. Bh3 f5 32. exf5 gxf5 33. Nc3 Kf6 34. Na4 Nf7 35. Nc5 Nxd6 36. Nd7+ Ke7 37. Nxe5 Nd4 38. Kf2 Ke6 39. Ng6 Nc2 40. Nf4+ Ke7 41. Nxh5 Nxa3 42. Ke3 Nc2+ 43. Kf4 Nxb4 44. Bxf5 Nd5+ 45. Ke5 Nxf5 46. Kxf5 a5 0-1


[Site "https://www.chess.com"]

[Event "Titled Tuesday Blitz March 21 Early 2023"]
[White "Blokhin, Sofia"]
[Black "Klepikov, Nikita"]
[WhiteFideId "4508190"]
[BlackFideId "24145220"]
[WhiteElo "1994"]
[BlackElo "2025"]
[Result "0-1"]
[Round "10"]
[TimeControl "180+2"]
[Date "2023.03.21"]
[WhiteClock "0:00:08"]
[BlackClock "0:00:12"]

1. d4 Nf6 2. c4 d6 3. Nc3 e5 4. d5 Nbd7 5. e4 Nc5 6. f3 a5 7. Be3 b6 8. Qd2 Be7 9. O-O-O O-O 10. Kb1 Ne8 11. g4 Bh4 12. Nge2 h6 13. Ng3 Bg5 14. h4 Bxh4 15. Nf5 Bxf5 16. exf5 Bg5 17. Bxg5 Qxg5 18. Qf2 Nf6 19. Be2 Rfe8 20. Rdg1 Kf8 21. Nb5 Re7 22. Rg2 Ke8 23. Nd4 Kd7 24. Nc6 Ree8 25. Rf1 Kc8 26. a3 Kb7 27. f4 Qxf4 28. Qxf4 exf4 29. Rxf4 Re4 30. Rxe4 Nfxe4 31. Bf3 Ng5 32. Bd1 Re8 33. Re2 Rxe2 34. Bxe2 Nce4 35. Kc2 Nf6 36. Nd8+ Kc8 37. Nc6 Nd7 38. Ne7+ Kb7 39. Kd3 Ne5+ 40. Ke3 Nh3 41. f6 gxf6 42. Nf5 Ng1 43. Nxh6 Nxe2 44. Kxe2 Nxc4 45. Ng8 Ne5 46. Nxf6 c6 47. g5 cxd5 48. Nxd5 Kc6 49. Ne7+ Kd7 50. Nf5 Ke6 51. Nd4+ Kd5 52. Ke3 Nc4+ 53. Kd3 Nxb2+ 54. Kc3 Na4+ 55. Kd3 Nc5+ 56. Ke3 Ne6 57. Nf5 Ke5 58. Ne7 Nxg5 59. Nc6+ Kd5 60. Nd8 Kc4 61. Nb7 d5 62. Nd6+ Kc5 63. Nc8 Ne6 64. Kd3 Kb5 65. Nd6+ Kc6 66. Nxf7 Kc5 67. Ne5 b5 68. Nd7+ Kc6 69. Ne5+ Kd6 70. Nf3 b4 71. axb4 axb4 72. Kc2 Kc5 73. Kb3 Nd4+ 74. Nxd4 Kxd4 75. Kxb4 Ke3 76. Kc3 d4+ 77. Kc2 Ke2 78. Kc1 d3 79. Kb2 d2 80. Ka2 d1=Q 0-1


[Site "https://www.chess.com"]

[Event "Titled Tuesday Blitz March 21 Early 2023"]
[White "Krzywda, Andrzej"]
[Black "Fabris, Alberto"]
[WhiteFideId "1114565"]
[BlackFideId "801348"]
[WhiteElo "2155"]
[BlackElo "2207"]
[Result "1-0"]
[Round "10"]
[TimeControl "180+2"]
[Date "2023.03.21"]
[WhiteClock "0:00:29"]
[BlackClock "0:00:05"]

1. c4 e5 2. Nc3 Nf6 3. Nf3 Nc6 4. g3 d5 5. cxd5 Nxd5 6. Bg2 Be6 7. O-O Be7 8. d4 exd4 9. Nxd4 Nxc3 10. bxc3 Nxd4 11. cxd4 c6 12. e4 O-O 13. Rb1 Rb8 14. Be3 b6 15. a4 Qd7 16. Qd2 Rfd8 17. Rfd1 Bf6 18. Rbc1 Rbc8 19. Qb4 Be7 20. Qb2 Bf8 21. Rd2 Qe7 22. Rdc2 Bd7 23. h4 Qb4 24. Qa1 c5 25. d5 Qxa4 26. Ra2 Qb5 27. Bf1 c4 28. Rxa7 Qb3 29. Bd4 Qf3 30. Bg2 Qh5 31. Qa6 b5 32. Rxd7 Ra8 33. Ra7 Rxa7 34. Qxa7 b4 35. Rxc4 Qd1+ 36. Bf1 b3 37. Qb6 Re8 38. e5 h6 39. d6 1-0


[Site "https://www.chess.com"]

[Event "Titled Tuesday Blitz March 21 Early 2023"]
[White "Buscar, Michael"]
[Black "Tarnowska, Aleksandra"]
[WhiteFideId "2603616"]
[BlackFideId "1180967"]
[WhiteElo "2010"]
[BlackElo "1776"]
[Result "1-0"]
[Round "10"]
[TimeControl "180+2"]
[Date "2023.03.21"]
[WhiteClock "0:00:53"]
[BlackClock "0:00:01"]

1. Nf3 d5 2. b3 e6 3. Bb2 Nf6 4. e3 c5 5. c4 Nc6 6. cxd5 Nxd5 7. Be2 Nf6 8. O-O Bd6 9. d4 cxd4 10. Nxd4 Nxd4 11. Qxd4 O-O 12. Rd1 Be7 13. Qh4 Qa5 14. Bd3 Qh5 15. Qxh5 Nxh5 16. Nd2 Bf6 17. Bxf6 Nxf6 18. Ne4 Nd5 19. Nd6 Rd8 20. Nc4 Bd7 21. Rac1 Bc6 22. Na5 Nb4 23. Nxc6 Rxd3 24. Nxb4 Rxd1+ 25. Rxd1 a5 26. Nc2 b5 27. g3 a4 28. b4 h6 29. Nd4 Rc8 30. a3 1-0


[Site "https://www.chess.com"]

[Event "Titled Tuesday Blitz March 21 Early 2023"]
[White "Torres Dominguez, David"]
[Black "Mrudul Dehankar"]
[WhiteFideId "2220857"]
[BlackFideId "25096990"]
[WhiteElo "1999"]
[BlackElo "2139"]
[Result "1-0"]
[Round "10"]
[TimeControl "180+2"]
[Date "2023.03.21"]
[WhiteClock "0:00:38"]
[BlackClock "0:00:02"]

1. e4 c5 2. Nc3 Nc6 3. Bb5 Nd4 4. Bc4 g6 5. Nf3 Bg7 6. Nxd4 cxd4 7. Qf3 Nh6 8. d3 O-O 9. Ne2 Qb6 10. O-O d6 11. h3 Kh8 12. Bb3 Be6 13. Bd2 a5 14. Rab1 a4 15. Bxe6 fxe6 16. Qg3 Nf7 17. f4 Qc5 18. Rfc1 b5 19. a3 Rac8 20. Qf2 Nd8 21. Bb4 Qb6 22. c3 Nc6 23. cxd4 Nxd4 24. Kh1 e5 25. Nxd4 exd4 26. Bd2 Qb7 27. Qe2 Rxc1+ 28. Rxc1 Rc8 29. Qe1 Rc6 30. Rxc6 Qxc6 31. Qc1 Qxc1+ 32. Bxc1 Bh6 33. g3 Kg8 34. Kg2 Kf7 35. Kf3 Ke6 36. f5+ gxf5 37. exf5+ Kxf5 38. Bxh6 d5 39. Bd2 e5 40. g4+ Kf6 41. h4 Kg6 42. h5+ Kf6 43. Bb4 Ke6 44. Bc5 Kf6 45. Bb6 Ke6 46. Kg3 Kf6 47. Kh4 h6 48. Bd8+ Kg7 49. g5 hxg5+ 50. Kxg5 Kf7 51. Bf6 e4 52. Bxd4 1-0


[Site "https://www.chess.com"]

[Event "Titled Tuesday Blitz March 21 Early 2023"]
[White "Kornyukov, Alexey"]
[Black "Rottenwohrer Suarez, Juan"]
[WhiteFideId "4150457"]
[BlackFideId "32068182"]
[WhiteElo "2352"]
[BlackElo "2174"]
[Result "0-1"]
[Round "10"]
[TimeControl "180+2"]
[Date "2023.03.21"]
[WhiteClock "0:01:22"]
[BlackClock "0:00:32"]

1. e4 e6 2. d4 d5 3. Nc3 dxe4 4. Nxe4 Nf6 5. Nxf6+ gxf6 6. Nf3 c5 7. Bb5+ Bd7 8. Bxd7+ Qxd7 9. Be3 cxd4 10. Nxd4 Bb4+ 11. c3 Ba5 12. Qb3 e5 13. O-O-O exd4 14. Rxd4 Qe7 15. Re1 Nc6 16. Bd2 Qxe1+ 17. Bxe1 Nxd4 18. cxd4 Bxe1 19. Qxb7 O-O 20. Qe4 Rfe8 21. Qg4+ Kh8 22. h4 Bxf2 23. Qf5 Bxd4 24. Kb1 Rab8 25. h5 Rxb2+ 26. Kc1 Re1# 0-1


[Site "https://www.chess.com"]

[Event "Titled Tuesday Blitz March 21 Early 2023"]
[White "Ciuffoletti, Paolo"]
[Black "Botez, Alexandra"]
[WhiteFideId "807630"]
[BlackFideId "2603365"]
[WhiteElo "2143"]
[BlackElo "2059"]
[Result "0-1"]
[Round "10"]
[TimeControl "180+2"]
[Date "2023.03.21"]
[WhiteClock "0:00:01"]
[BlackClock "0:00:08"]

1. e4 e6 2. d4 d5 3. e5 c5 4. c3 Nc6 5. Nf3 Nh6 6. Bd3 Nf5 7. Be3 cxd4 8. cxd4 Qb6 9. Qd2 Bd7 10. Bxf5 exf5 11. Nc3 Be6 12. O-O Be7 13. Rac1 h6 14. a3 g5 15. Qc2 f4 16. Bd2 g4 17. Na4 Qb5 18. Ne1 Nxd4 19. Nc3 Qa6 20. Qd3 Qxd3 21. Nxd3 Nb3 22. Rcd1 Nxd2 23. Rxd2 f3 24. g3 h5 25. Nf4 Bg5 26. Ncxd5 O-O-O 27. Rfd1 Kb8 28. Nf6 Rxd2 29. Rxd2 Rc8 30. Rd1 Bb3 31. Re1 Rc2 32. N4xh5 Rxb2 33. Nxg4 Bd2 34. Ra1 Bc3 35. Ne3 Re2 36. Rf1 Bd4 0-1


[Site "https://www.chess.com"]

[Event "Titled Tuesday Blitz March 21 Early 2023"]
[White "Abrosimov, Vladimir"]
[Black "salgadoLO"]
[WhiteFideId "4166892"]
[WhiteElo "2336"]
[BlackElo "2191"]
[Result "1/2-1/2"]
[Round "10"]
[TimeControl "180+2"]
[Date "2023.03.21"]
[WhiteClock "0:00:57"]
[BlackClock "0:00:58"]

1. c4 e6 2. Nc3 d5 3. cxd5 exd5 4. d4 c6 5. Nf3 Bd6 6. Bg5 Ne7 7. e3 Bf5 8. Bd3 Bxd3 9. Qxd3 O-O 10. O-O Nd7 11. a3 h6 12. Bh4 Qc7 13. Rac1 a6 14. b4 Qb8 15. Na4 Ng6 16. Bg3 Bxg3 17. hxg3 Qd6 18. Nc5 Rab8 19. Rc2 Nb6 20. Nd2 Rfe8 21. Rfc1 Nf8 22. a4 Ne6 23. a5 Nd7 24. Nf3 Nc7 25. Qf5 Nxc5 26. bxc5 Qe6 27. Qxe6 Rxe6 28. Ne5 Nb5 29. Re1 Rbe8 1/2-1/2


[Site "https://www.chess.com"]

[Event "Titled Tuesday Blitz March 21 Early 2023"]
[White "Kiseleva, Arina"]
[Black "Fajdetic, Hrvoje"]
[WhiteFideId "4164989"]
[BlackFideId "14501945"]
[WhiteElo "1756"]
[BlackElo "2185"]
[Result "0-1"]
[Round "10"]
[TimeControl "180+2"]
[Date "2023.03.21"]
[WhiteClock "0:00:01"]
[BlackClock "0:00:41"]

1. d4 c6 2. Nf3 d5 3. c4 Nf6 4. Nbd2 Bg4 5. Ne5 Bh5 6. Qb3 Qb6 7. c5 Qxb3 8. axb3 Nbd7 9. f4 Nxe5 10. fxe5 Nd7 11. e4 e6 12. b4 Be7 13. b5 O-O 14. exd5 exd5 15. Nf3 Rfe8 16. b4 f6 17. bxc6 bxc6 18. b5 fxe5 19. bxc6 Nf6 20. Nxe5 Bxc5 21. dxc5 Rxe5+ 22. Kd2 Ne4+ 23. Kc2 Nxc5 24. Ba3 Bg6+ 25. Kd1 Ne4 26. Rg1 Rc8 27. Rc1 Nf2+ 28. Kd2 Ne4+ 29. Kd1 Be8 30. c7 Bh5+ 31. Be2 Nf2+ 32. Ke1 Rxe2+ 33. Kf1 Ra2 0-1


[Site "https://www.chess.com"]

[Event "Titled Tuesday Blitz March 21 Early 2023"]
[White "Thiel, Thomas"]
[Black "Jaivardhan Raj"]
[WhiteFideId "4615964"]
[BlackFideId "25744437"]
[WhiteElo "2235"]
[BlackElo "1772"]
[Result "1-0"]
[Round "10"]
[TimeControl "180+2"]
[Date "2023.03.21"]
[WhiteClock "0:00:22"]
[BlackClock "0:00:02"]

1. e4 c5 2. Nc3 Nc6 3. Bb5 Nd4 4. Bc4 g6 5. Nf3 Bg7 6. Nxd4 cxd4 7. Qf3 e6 8. Nb5 Qb6 9. Qa3 Be5 10. c3 dxc3 11. dxc3 Nf6 12. Be3 Qc6 13. Bd3 a6 14. Nd4 Qc7 15. g3 Ng4 16. Nb5 Qc6 17. Bd4 Bxd4 18. Nd6+ Kd8 19. Nxf7+ Kc7 20. cxd4 Re8 21. O-O Kb8 22. Rfc1 Qb6 23. Nd6 Qxd4 24. Rc2 Rf8 25. Rf1 Ne3 26. fxe3 Qxe3+ 27. Rcf2 Rxf2 28. Rxf2 Qc1+ 29. Kg2 Qc6 30. Rc2 Qb6 31. Rxc8+ Ka7 32. Nb5+ Qxb5 33. Rxa8+ Kxa8 34. Bxb5 Kb8 1-0


[Site "https://www.chess.com"]